 Dungeon Crawl Stone Soup version 0.32-a0-931-g5a2cda0630 (webtiles) character file.

Game seed: 17494346083914956155

59 Meejax the Ruffian (level 3, -2/27 HPs)
             Began as a Demonspawn Gladiator on Apr 13, 2024.
             Slain by a gnoll
             ... wielding a +2 flail of protection
              (6 damage)
             ... on level 2 of the Dungeon on Apr 14, 2024.
             The game lasted 00:02:13 (1297 turns).

Meejax the Ruffian (Demonspawn Gladiator)           Turns: 1297, Time: 00:02:14

Health: -2/27      AC:  4    Str: 16    XL:     3   Next: 78%
Magic:  3/3        EV: 11    Int:  8    God:
Gold:   21         SH:  0    Dex: 14    Spells: 2/2 levels left

rFire   . .          .
                       - Unarmed
rCold   . . .        (no shield)
rNeg    . . .        a - +0 leather armour
rPois   .            b - +0 helmet
rElec   .            (no cloak)
rCorr   .            (no gloves)
SInv    .            (no boots)
Will    .....        (no amulet)
Stlth   +            (no ring)
HPRegen 0.24/turn    (no ring)
MPRegen 0.08/turn

%: no passive effects
@: no status effects
A: demonic touch 1
a: no special abilities


You were on level 2 of the Dungeon.
You visited 1 branch of the dungeon, and saw 2 of its levels.

You collected 21 gold pieces.

Inventory:

Missiles
 c - 2 throwing nets (quivered)
 d - a javelin
Armour
 a - a +0 leather armour (worn)
 b - a +0 helmet (worn)
Scrolls
 e - a scroll of revelation {unknown}
 f - 2 scrolls of enchant weapon {unknown}
 g - a scroll of acquirement {unknown}
 i - 2 scrolls of enchant armour {unknown}
 j - a scroll of teleportation {unknown}
 l - a scroll of blinking {unknown}
 m - a scroll of immolation {unknown}
 n - a scroll of noise {unknown}
Potions
 h - a potion of mutation {unknown}
 k - a potion of haste {unknown}


   Skills:
 + Level 2.1 Fighting
 + Level 1.8 Throwing
 + Level 0.5 Armour
 + Level 3.0 Dodging
 + Level 0.1 Stealth
 * Level 3.8 Unarmed Combat


You had 2 spell levels left.
You didn't know any spells.
Your spell library contained the following spells:

 Spells                   Type           Power      Damage    Failure   Level
 Magic Dart               Conj           0%         1d3       47%         1
 Blink                    Tloc           0%         N/A       63%         2
 Call Imp                 Summ           0%         N/A       63%         2


Dungeon Overview and Level Annotations

Branches:
Dungeon (2/15)

Altars:
Dithmenos


Innate Abilities, Weirdness & Mutations

Your touch may inflict minor irresistible damage on your foes.


Message History

Search for what [? for help]?
Okay, then.
n - a scroll labelled KIUMUA GEOBB 4 gnolls come into view.
A gnoll is wielding a +2 flail of protection.
The gnoll shouts! x3
Things that are here:
a +0 short sword; a +3 chain mail of cold resistance; the human corpse of Terence The gnoll attacks as it pursues you!
The gnoll barely misses you.
You hit the gnoll.
You touch the gnoll!
You kill the gnoll!
You see here a +0 whip.
The gnoll closely misses you.
You punch the gnoll!
The gnoll is heavily wounded.
The gnoll misses you. The gnoll hits you with a +0 whip.
You hit the gnoll. Your touch misses the gnoll.
The gnoll is severely wounded.
The gnoll hits you from afar with a +0 halberd!
The gnoll closely misses you. The gnoll attacks as it pursues you!
The gnoll closely misses you. The gnoll attacks as it pursues you!
The gnoll hits you with a +0 whip.
You see here a +0 whip.
The gnoll attacks as it pursues you! The gnoll barely misses you.
The gnoll attacks as it pursues you!
The gnoll hits you with a +2 flail of protection!
* * * LOW HITPOINT WARNING * * *
You open the door.
A kobold comes into view. It is wielding a +0 club.
The kobold shouts!
The gnoll completely misses you. The gnoll barely misses you.
Found a viscous coppery potion and 4 stones.
There is an open door here.
Found a lumpy black potion.
The gnoll attacks as it pursues you! The gnoll closely misses you.
The kobold hits you with a +0 club.
* * * LOW HITPOINT WARNING * * *
You see here a viscous coppery potion.
The gnoll attacks as it pursues you!
The gnoll hits you with a +2 flail of protection.
You die...

#.# #.########.####
##.... #.# #.# #+##
#..... #.# #.#
##...## #.....
#.#####.# ##..!..##
#..... ##.......#
##.......## #.....
#........##
#.........####.....
#..#......
+.........+........
#..#.#...#
#.......(.####...##
#..#.#..## #@......#
##..# #..#.#..#
##gK...## ##.#
#..#.#.<# ##.g.##
#.# #.......# ##'##
#.# ##.#.#.## #g#
#.# #.....# #.# #.#
###.### ##)## #.#
#.# ##...## #.#
##.##
#####.....########.#


You could see 3 gnolls and a kobold.

Vanquished Creatures
  Terence (D:2)
  A gnoll (D:2)
  2 ball pythons
  2 bats (D:1)
  An endoplasm (D:1)
  2 giant cockroaches
  4 goblins (D:1)
  A hobgoblin (D:1)
  2 kobolds (D:1)
  A quokka (D:1)
  3 frilled lizards (D:1)
  2 rats (D:1)
22 creatures vanquished.

Notes
Turn   | Place    | Note
-------+----------+-------------------------------------------
     0 | D:1      | Meejax the Demonspawn Gladiator began the quest for the
                  | Orb.
     0 | D:1      | Reached XP level 1. HP: 16/16 MP: 1/1
   308 | D:1      | Gained mutation: Your touch may inflict minor irresistible
                  | damage on your foes. [demonic ancestry]
   308 | D:1      | Reached XP level 2. HP: 14/22 MP: 2/2
  1136 | D:2      | Found a shadowy altar of Dithmenos.
  1202 | D:2      | Noticed Terence
  1209 | D:2      | Killed Terence
  1210 | D:2      | Reached XP level 3. HP: 27/27 MP: 3/3
  1297 | D:2      | Slain by a gnoll

Illustrated notes

Levels and vault maps discovered:
D:1:      dpeg_arrival_round_a, layout_basic, nicolae_kite_square_tiling_tiny,
          grunt_decor_mini_mirrors
D:2:      layout_loops_corners, serial_bayou, serial_bayou_shore_a,
          serial_bayou_shore_b, serial_bayou_shore_b, serial_bayou_pond_c,
          serial_bayou_shore_b, basic_altar, minmay_liquid_box, uniq_terence,
          uniq_natasha

Skill      XL: |  1  2 |
---------------+-------+-----
Unarmed Combat | 3 |  3.8
Dodging        | 3 |  3.0
Fighting       | |  2.1
Throwing       | |  1.8
Armour         | |  0.5
Stealth        | |  0.1

Action                     || total
---------------------------++-------
  Melee: Unarmed           ||    58
         Touch             ||     7
         Punch             ||     1
  Throw: Throwing net      ||     1
   Stab: Sleeping          ||     1
 Armour: Leather armour    ||    33
  Dodge: Dodged            ||    34

Table legend: (Time is in decaauts)
 A = Elapsed time spent in this place.
 B = Non-inter-level travel time spent in this place.
 C = Inter-level travel time spent in this place.
 D = Time resting spent in this place.
 E = Time spent auto-exploring this place.
 F = Levels seen in this place.
 G = Mean time per level.
                   A        B        C        D        E       F      G
               +--------+--------+--------+--------+--------+-----+--------+
         Total |   1296 |   1272 |     24 |      0 |   1055 |   2 |  648.0 |
       Dungeon |   1296 |   1272 |     24 |      0 |   1055 |   2 |  648.0 |
               +--------+--------+--------+--------+--------+-----+--------+

Top non-repeatable levels by time:
     D:1: 1012 daAuts
     D:2: 284 daAuts
